Construct Section Command Post
Selects Indian Artillery Battlegroup
Selects Artillery Saturation
Selects Towed ML 4.2-inch Heavy Mortar
Towed ML 4.2-inch Heavy Mortar
Towed ML 4.2-inch Heavy Mortar
Construct Platoon Command Post
Selects Gurkha Rifles Section
6-pounder Anti-tank Gun Team
Construct Company Command Post
Selects Off-map Airburst Barrage
Selects BL5.5 Artillery Emplacement
Towed ML 4.2-inch Heavy Mortar
Selects Volunteer Infantry
6-pounder Anti-tank Gun Team